 Dungeon Crawl Stone Soup version 0.19.5 (webtiles) character file.

763 Gargoyl the Unweaver (level 7, -4/64 HPs)
             Began as a Ghoul Abyssal Knight on Apr 18, 2017.
             Was a Follower of Lugonu.
             Slain by Hasye's ghost (7 damage)
             ... on level 4 of the Dungeon.
             The game lasted 00:08:30 (3380 turns).

Gargoyl the Unweaver (Ghoul Abyssal Knight)         Turns: 3380, Time: 00:08:31

Health: -4/64      AC: 10    Str: 16    XL:     7   Next: 81%
Magic:  11/11      EV:  8    Int: 11    God:    Lugonu [*.....]
Gold:   175        SH:  7    Dex: 10    Spells: 0 memorised, 6 levels left

rFire  . . .     SeeInvis +     a - +1 hand axe
rCold  + . .     Gourm    .     l - +0 scale mail
rNeg   + + +     Faith    .     i - +0 shield of Thank Me Later {Int+4} (curse)
rPois  ∞         Spirit   .     (no helmet)
rElec  .         Reflect  .     e - +0 cloak
rCorr  +         Harm     .     h - +0 pair of gloves
MR     .....                    (no boots)
Stlth  ..........               (no amulet)
                                b - ring of see invisible
                                d - ring of resist corrosion

@: rotting
A: rotting body, claws 1, carnivore 3, cold resistance 1, negative energy
resistance 3, slow regeneration 1, torment resistance, unbreathing
a: Depart the Abyss, Renounce Religion


You were on level 4 of the Dungeon.
You worshipped Lugonu.
Lugonu was aware of your devotion.
You were not hungry.

You visited 1 branch of the dungeon, and saw 4 of its levels.
You visited the Abyss 2 times.

You collected 175 gold pieces.

Inventory:

Hand Weapons
 a - a +1 hand axe (weapon)
Armour
 e - a +0 cloak (worn)
 h - a +0 pair of gloves (worn)
 i - the cursed +0 shield of Thank Me Later (worn) {Int+4}
   (You found it on level 4 of the Dungeon)

   It affects your intelligence (+4).
   It has a curse placed upon it.
 l - a +0 scale mail (worn)
Jewellery
 b - a ring of see invisible (right hand)
 d - a ring of resist corrosion (left hand)
 m - a +5 ring of strength {unknown}
Scrolls
 c - a scroll of teleportation
 f - a scroll of amnesia
 g - a scroll of remove curse
 j - a scroll of fog


   Skills:
 + Level 6.5 Fighting
 + Level 5.4 Axes
 + Level 3.7 Throwing
 * Level 6.9 Armour
 + Level 4.3 Dodging
 + Level 0.1 Shields
 * Level 7.9 Invocations


You had 6 spell levels left.
You didn't know any spells.

Dungeon Overview and Level Annotations

Branches:
Dungeon (4/15)             Temple (0/1) D:4

Altars:
Dithmenos
Elyvilon
Fedhas
Makhleb
Uskayaw
Yredelemnul

Shops:
D:4 %

Annotations:
D:4 Hasye's ghost, amateur TrBe


Innate Abilities, Weirdness & Mutations

Your body is rotting away.
You thrive on raw meat.
You are immune to poison.
You have sharp fingernails.
You are carnivorous and can eat meat at any time.
Your flesh is cold resistant. (rC+)
You are immune to negative energy. (rN+++)
You regenerate slowly when monsters are visible.
You are immune to unholy pain and torment.
You can survive without breathing.


Message History

You hit Hasye's ghost.
Hasye's ghost is severely damaged.
Hasye's ghost hits you but does no damage.
You closely miss Hasye's ghost.
Hasye's ghost is severely damaged.
Hasye's ghost hits you.
* * * LOW HITPOINT WARNING * * *
You hit Hasye's ghost.
Hasye's ghost is severely damaged.
Hasye's ghost says, "Missed me!"
Hasye's ghost hits you.
* * * LOW HITPOINT WARNING * * *
You completely miss Hasye's ghost.
Hasye's ghost is severely damaged.
You block Hasye's ghost's attack. Hasye's ghost hits you.
* * * LOW HITPOINT WARNING * * *
You barely miss Hasye's ghost.
Hasye's ghost is severely damaged.
Hasye's ghost hits you!
You die...

#####.# #.### ##.####.(
.(..#.# #...##
##...##... ......#
##...###......#§#
......# ##^..#..##..#§§§
......# ##...####.#§#§#
......# ####.## #.§§._.
......############....#
###§#.#
........(.............#
##.§§
................@####.##
##.#
....####.........W..#..#
#.. ...##
#.............##.# ###
..##
##..<..........##.## ..#
#.............####.# ..#
#.............# #.## #.#
#).............# #..#
#.# #..............#
##.# #.#
#............### #.##


You could see Hasye's ghost.

Vanquished Creatures
  Grinder (D:3)
  Sigmund (D:3)
  A centaur skeleton (D:4)
  2 worker ants (D:4)
  3 gnolls (D:3)
  4 adders
  2 worms
  2 orcs (D:3)
  3 giant cockroaches
  7 hobgoblins
  8 kobolds
  4 quokkas
  A ball python (D:2)
  3 bats (D:2)
  5 frilled lizards
  9 goblins
  9 rats
65 creatures vanquished.

Notes
Turn   | Place    | Note
-------+----------+-------------------------------------------
     0 | Abyss:1  | Gargoyl the Ghoul Abyssal Knight began the quest for the Orb.
     0 | Abyss:1  | Reached XP level 1. HP: 19/19 MP: 1/1
    47 | Abyss:2  | Noticed a great orb of eyes
    47 | D:1      | Escaped the Abyss
   134 | D:1      | Reached XP level 2. HP: 23/26 MP: 2/2
   193 | D:1      | Reached * piety under Lugonu
   316 | D:1      | Reached skill level 1 in Dodging
   681 | D:2      | Found a white marble altar of Elyvilon.
   693 | D:2      | Reached XP level 3. HP: 30/33 MP: 3/3
   865 | D:2      | Found a blossoming altar of Fedhas.
   964 | D:2      | Found a hide-covered altar of Uskayaw.
  1295 | D:3      | Reached ** piety under Lugonu
  1315 | D:3      | Noticed Grinder
  1333 | D:3      | Killed Grinder
  1333 | D:3      | Reached skill level 3 in Invocations
  1333 | D:3      | Reached XP level 4. HP: 6/41 MP: 3/5
  1333 | D:3      | Reached XP level 5. HP: 7/47 MP: 3/6
  1333 | D:3      | Reached XP level 6. HP: 8/53 MP: 3/7
  1611 | D:3      | Cast into level 2 of the Abyss (gnoll)
  1631 | D:3      | Escaped the Abyss
  1748 | D:3      | Reached skill level 5 in Axes
  1748 | D:3      | Reached skill level 7 in Invocations
  1748 | D:3      | Reached XP level 7. HP: 23/64 MP: 7/11
  1922 | D:3      | Noticed Sigmund
  1988 | D:4      | Found a staircase to the Ecumenical Temple.
  2150 | D:4      | Found a shadowy altar of Dithmenos.
  2170 | D:4      | Got a polished shield
  2182 | D:4      | Identified the cursed +0 shield of Thank Me Later {Int+4} (You found it on level 4 of the Dungeon)
  2196 | D:4      | Found Diyjaq's Food Boutique.
  2521 | D:3      | Found a basalt altar of Yredelemnul.
  2787 | D:3      | Killed Sigmund
  3007 | D:4      | Found a burning altar of Makhleb.
  3007 | D:4      | Noticed an Executioner
  3014 | D:4      | Noticed a hellwing
  3014 | D:4      | Noticed an orange demon
  3028 | D:4      | Noticed Hasye's ghost (amateur TrBe)
  3379 | D:4      | HP: 2/64 [Hasye's ghost (2)]
  3380 | D:4      | Slain by Hasye's ghost

Skill      XL: |  1  2  3  4  5  6 |
---------------+-------------------+-----
Axes           | 2 3 5 |  5.4
Dodging        | 1 4 |  4.3
Fighting       | 4 6 |  6.5
Armour         | 3 6 |  6.9
Invocations    | 3 7 |  7.9
Throwing       | 3 |  3.7
Shields        | |  0.1

Action                   |  1- 3 |  4- 6 |  7- 9 || total
-------------------------+-------+-------+-------++-------
Melee: Hand axe          |   163 |    12 |   151 ||   326
Invok: Depart the Abyss  |     1 |     1 |       ||     2
  Use: Scroll            |     8 |       |     1 ||     9
       Potion            |     1 |     4 |     1 ||     6
  Eat: Chunk             |    14 |     3 |    11 ||    28
       Meat ration       |     1 |       |       ||     1
Armor: Ring mail         |    68 |       |       ||    68
       Scale mail        |    30 |     4 |    49 ||    83
Dodge: Dodged            |    92 |    11 |    59 ||   162
Block: Shield            |       |       |    31 ||    31
